 Dungeon Crawl Stone Soup version 0.31.0-11-ge490571c62 (webtiles) character file.

Game seed: 5926097655798491342

2 SmokeWeed the Sneak (level 1, -2/19 HPs)
             Began as a Hill Orc Delver on Feb 4, 2024.
             Splashed by a jelly's acid (7 damage)
             ... on level 5 of the Dungeon.
             The game lasted 00:00:48 (78 turns).

SmokeWeed the Sneak (Hill Orc Delver)                 Turns: 78, Time: 00:00:49

Health: -2/19      AC:  3    Str: 14    XL:     1   Next: 40%
Magic:  1/1        EV: 11    Int: 10    God:
Gold:   0          SH:  0    Dex: 12    Spells: 0/0 levels left

rFire   . . .        a - +0 falchion
rCold   . . .        (no shield)
rNeg    . . .        b - +0 leather armour
rPois   .            (no helmet)
rElec   .            (no cloak)
rCorr   .            (no gloves)
SInv    .            (no boots)
Will    .....        (no amulet)
Stlth   ++           (no ring)
HPRegen 0.23/turn    (no ring)
MPRegen 0.07/turn

%: no passive effects
@: no status effects
A: no striking features
a: Convert to Beogh


You were on level 5 of the Dungeon.
You visited 1 branch of the dungeon, and saw 1 of its levels.

Inventory:

Hand Weapons
 a - a +0 falchion (weapon)
Armour
 b - a +0 leather armour (worn)
Wands
 g - a wand of digging (3)
Scrolls
 c - a scroll of fog
 d - 2 scrolls of revelation
 e - a scroll of fear
Potions
 f - a potion of haste


   Skills:
 + Level 3.6 Fighting
 + Level 2.1 Long Blades
 + Level 1.5 Dodging
 + Level 4.2 Stealth


You couldn't memorise any spells.
You didn't know any spells.
Your spell library was empty.

Dungeon Overview and Level Annotations

Branches:
Dungeon (5/15)
 Temple: D:4-7

Altars:
Dithmenos

Annotations:
D:5 Edmund


Message History

Found 15 gold pieces.
Found a silvery potion.
The orc hits you with a +0 dagger.
There is an open door, spattered with blood here.
Found a shadowy altar of Dithmenos.
You see here 15 gold pieces.
A lemure comes into view.
There is an open door here.
A lemure comes into view.
Found 3 stones.
A gnoll comes into view. It is wielding a +0 spear.
A gnoll comes into view. It is wielding a +0 falchion.
A gnoll comes into view. It is wielding a +0 halberd.
The gnoll shouts! x2
A phantom and a jelly come into view.
A gnoll comes into view. It is wielding a +0 whip.
An orc comes into view. It is wielding a +0 trident.
An orc wizard comes into view. It is wielding a +0 dagger.
The orc wizard shouts! x2; The gnoll shouts! x2; The orc shouts!
A scorpion comes into view.
The orc wizard casts a spell.
The orc wizard flickers and vanishes!
Deactivating autopickup; reactivate with Ctrl-A.
The gnoll hits you with a +0 spear.
You hear a shout!
Unknown command.
An orc comes into view. It is wielding a +0 whip.
The gnoll hits you but does no damage.
The orc wizard casts a spell.
The orc wizard flickers and vanishes!
The gnoll barely misses you.
You hear a shout! x2
An orc priest comes into view. It is wielding a +0 short sword.
The orc priest threatens, "By the altar or by the axe, you will meet Beogh!" (press Y on the ability menu to convert to Beogh)
The orc priest shouts!
The gnoll hits you from afar with a +0 spear.
The orc closely misses you. The phantom barely misses you.
The jelly attacks as it pursues you! The jelly hits you.
* * * LOW HITPOINT WARNING * * *
You are splashed with acid!
You die...

......#....#####.#####
...##..........#'#...#
.........@..........## .
.......#...o....g....#..
..##.♣'♣♣♣+♣o..g........
# ♣.....♣..g.g..o..##
♣.###.♣.....os.....
♣o....♣....J.......
+.._..+..W.@..###. ##
♣@....♣#.....## #..
♣$###.♣##...... ....
♣.h...♣ #.......^
#...♣'♣♣♣+♣ #..........
#...##..# #....o.....
#..#....# ...........
#..#.##.###....o......
... ####.........


You could see Edmund, a phantom, a scorpion, a jelly, an orc priest, an orc
wizard, 4 gnolls and 4 orcs.

Vanquished Creatures
  A dart slug (D:5)
1 creature vanquished.

Notes
Turn   | Place    | Note
-------+----------+-------------------------------------------
     0 | D:5      | SmokeWeed the Hill Orc Delver began the quest for the Orb.
     0 | D:5      | Reached XP level 1. HP: 19/19 MP: 1/1
     3 | D:5      | Noticed Edmund
    29 | D:5      | Noticed a black bear
    38 | D:5      | Noticed a hound
    38 | D:5      | Noticed a black bear
    52 | D:5      | Noticed an orc wizard
    53 | D:5      | Noticed an orc wizard
    60 | D:5      | Found a shadowy altar of Dithmenos.
    66 | D:5      | Noticed a lemure
    68 | D:5      | Noticed a lemure
    74 | D:5      | Noticed a phantom
    74 | D:5      | Noticed a jelly
    75 | D:5      | Noticed an orc wizard
    75 | D:5      | Noticed a scorpion
    77 | D:5      | Noticed an orc priest
    78 | D:5      | Splashed by a jelly's acid

Illustrated notes

Levels and vault maps discovered:
D:5:      layout_cave_pools, mainiacjoe_overflow_six_doors_small,
          chequers_temple_overflow_minitemple, uniq_edmund, uniq_duvessa,
          uniq_pikel

Action                     || total
---------------------------++-------
  Melee: Falchion          ||     6
 Armour: Leather armour    ||     8
  Dodge: Dodged            ||     6
